 Dungeon Crawl Stone Soup version 0.30.1-10-g1249ef9ec4 (webtiles) character file.

Game seed: 12345817945406574524

81 lonewolfV2 the Covered (level 4, -2/31 HPs)
             Began as a Demonspawn Fighter on Oct 26, 2023.
             Succumbed to their own poison gas
             ... on level 3 of the Dungeon.
             The game lasted 00:03:10 (2147 turns).

lonewolfV2 the Covered (Demonspawn Fighter)         Turns: 2147, Time: 00:03:11

Health: -2/31      AC: 11    Str: 18    XL:     4   Next: 19%
Magic:  4/4        EV: 10    Int: 13    God:
Gold:   101        SH:  8    Dex: 11    Spells: 3/3 levels left

rFire   . . .        a - +0 war axe
rCold   + . .        c - +0 buckler
rNeg    . . .        b - +0 scale mail
rPois   .            (no helmet)
rElec   .            (no cloak)
rCorr   +            (no gloves)
SInv    .            m - +1 pair of boots
Will    .....        l - amulet of regeneration Stlth
                     g - ring of resist corrosion
HPRegen 1.05/turn    f - ring of protection from cold
MPRegen 0.09/turn

%: no passive effects
@: lethally poisoned (-2 -> -21), weak-willed
A: thin metallic scales 1, powered by pain 1, condensation shield, clever 1,
frail 1, high MP 1
a: no special abilities


You were on level 3 of the Dungeon.
You visited 1 branch of the dungeon, and saw 3 of its levels.

You collected 101 gold pieces.

Inventory:

Hand Weapons
 a - a +0 war axe (weapon)
Armour
 b - a +0 scale mail (worn)
 c - a +0 buckler (worn)
 m - a +1 pair of boots (worn)
Jewellery
 f - a ring of protection from cold (right hand)
 g - a ring of resist corrosion (left hand)
 l - an amulet of regeneration (around neck)
Scrolls
 p - 2 scrolls of poison
Potions
 d - 2 potions of might
 e - a potion of lignification
 i - 2 potions of haste
 j - a potion of degeneration


   Skills:
 - Level 3.0 Fighting
 - Level 1.7 Axes
 + Level 3.4 Armour
 * Level 2.8 Dodging
 - Level 2.6 Shields


You had 3 spell levels left.
You didn't know any spells.
Your spell library contained the following spells:

 Spells                   Type           Power      Damage    Failure   Level
 Beastly Appendage        Tmut           0%         N/A       77%         1
 Wereblood                Tmut           0%         N/A       88%         2
 Spider Form              Tmut/Pois      0%         N/A       98%         3
 Vhi's Electric Charge    Tloc/Air       0%         N/A       98%         3
 Arcjolt                  Conj/Air       0%         1d10      100%        5
 Maxwell's Capacitive Co  Air            0%         ∞         100%        8


Dungeon Overview and Level Annotations

Branches:
Dungeon (3/15)

Altars:
Vehumet


Innate Abilities, Weirdness & Mutations

You are partially covered in thin metallic scales. (AC +2)
You sometimes gain a little power by taking damage.
A meltable shield of frost defends you. (SH +4)
Your mind is acute. (Int +4, Str/Dex -1)
You are frail. (-10% HP)
You have an increased reservoir of magic. (+10% MP)


Message History

a +0 club; 8 poisoned darts; a kobold corpse Done exploring.
Done exploring.
Done exploring.
Done exploring.
Done exploring.
There is a white marble altar of Elyvilon here.
Things that are here:
a +0 club; 8 poisoned darts; a kobold corpse
There is a large open translucent door here.
Blink to where?
Press: ? - help, Dir - move target
As you read the scroll labelled UNUEB GIZE, it crumbles to dust.
It was a scroll of blinking.
As you read the scroll labelled BYESTETOIWI, it crumbles to dust.
It is a scroll of amnesia.
You feel forgetful for a moment.
As you read the scroll labelled ELYMNO ESSICUEN, it crumbles to dust.
It is a scroll of enchant armour.
Your +0 pair of boots glows green for a moment.
As you read the scroll labelled XUTOEN VOERARPH, it crumbles to dust.
Magic quickly surges around you.
It was a scroll of vulnerability.
The air fills with toxic fumes!
As you read the scroll labelled SEPAKA TUERI, it crumbles to dust.
It was a scroll of poison.
Okay, then.
Really walk into that cloud of poison gas? [Y]es or [N]o only, please.
Really walk into that cloud of poison gas?
You are engulfed in poison gas.
You are poisoned.
You feel very sick.
You are engulfed in poison gas.
You are more poisoned.
You feel extremely sick. As you open the door, it creaks loudly!
You are engulfed in poison gas.
You are lethally poisoned!
* * * LOW HITPOINT WARNING * * *
You feel extremely sick.
You die...

#..########...# #.##..§§§.##..#
##.#..#§§#..#..# #..#._#§§#_.#..#
############..#..#§§#..#..#
.....>....##..#⌠.#§§#.⌠#..#
#######.......####§§####..#
##...........8#.§#8....#
##..#.........@§§§§§§§§##
#..##........§8####8§§§#
###..........§§§........§#
......####÷.#§§#.#####..## ######
......# ##.§§§##.# ###.## ##.....
...######..§####.###...# ##......
...#####[.#.####.##..#####.......
.................................
#.......###.........######.......


There were no monsters in sight!

Vanquished Creatures
  2 adders
  2 worms
  A dart slug (D:1)
  An orc (D:3)
  6 ball pythons
  2 endoplasms
  5 giant cockroaches
  3 goblins
  4 hobgoblins
  4 quokkas
  8 bats
  3 frilled lizards
  4 kobolds
  5 rats
50 creatures vanquished.

Notes
Turn   | Place    | Note
-------+----------+-------------------------------------------
     0 | D:1      | lonewolfV2 the Demonspawn Fighter began the quest for the
                  | Orb.
     0 | D:1      | Reached XP level 1. HP: 18/18 MP: 1/1
   186 | D:1      | Reached skill level 1 in Dodging
   192 | D:1      | Gained mutation: You are partially covered in thin metallic
                  | scales. (AC +2) [demonic ancestry]
   192 | D:1      | Reached XP level 2. HP: 19/24 MP: 2/2
   670 | D:1      | Gained mutation: You have an increased reservoir of magic.
                  | (+10% MP) [potion of mutation]
   670 | D:1      | Gained mutation: You are frail. (-10% HP) [potion of
                  | mutation]
   670 | D:1      | Gained mutation: Your mind is acute. (Int +4, Str/Dex -1)
                  | [potion of mutation]
   748 | D:2      | Gained mutation: A meltable shield of frost defends you.
                  | (SH +4) [demonic ancestry]
   748 | D:2      | Reached XP level 3. HP: 24/26 MP: 3/3
  1738 | D:3      | Gained mutation: You sometimes gain a little power by
                  | taking damage. [demonic ancestry]
  1738 | D:3      | Reached XP level 4. HP: 31/31 MP: 4/4
  1945 | D:3      | Found a large runed translucent door.
  1946 | D:3      | Found a large runed translucent door.
  2109 | D:3      | Found a radiant altar of Vehumet.
  2147 | D:3      | Succumbed to their own poison gas

Illustrated notes

Levels and vault maps discovered:
D:1:      dpeg_arrival_windows_large_door, layout_loops_ring
D:2:      layout_loops_corners, minmay_stone_trees_small
D:3:      layout_rooms, jmf_multi_god_temple2

Skill      XL: |  1  2  3 |
---------------+----------+-----
Dodging        | 1 2 |  2.8
Armour         | 3 |  3.4
Fighting       | |  3.0
Axes           | |  1.7
Shields        | |  2.6

Action                     |  1- 3 |  4- 6 || total
---------------------------+-------+-------++-------
  Melee: War axe           |   130 |    30 ||   160
    Use: Scroll            |     4 |     5 ||     9
         Potion            |     4 |       ||     4
 Armour: Scale mail        |    86 |    12 ||    98
  Dodge: Dodged            |    87 |    18 ||   105
  Block: Buckler           |    64 |     8 ||    72
